Map: Dusk Towers

Players

Andrew - Winner!

  • Race: Zerg Zerg

Miszu

  • Race: Terran Terran
  • League: Master

VOD

Have the link to the VOD?

Description

Time

  • Played on: June 12, 2016, 7:41 a.m.
  • Length: 9:32
Show
View Real Time Build Order
Export as new Build Order

Andrew Zerg - Winner!

Build Orders: Hatch First, Muta Ling Bane 

Get SALT Encoding   

  12  0:00  Drone  
  13  0:12  Overlord  
  13  0:19  Drone  
  14  0:30  Drone x2  
  14  0:34  Drone  
  17  0:45  Drone  
  18  0:55  Hatchery  
  17  0:57  Drone  
  17  0:59  Extractor  
  17  1:12  Spawning Pool  
  17  1:15  Drone  
  17  1:19  Drone  
  18  1:28  Drone  
  19  1:39  Overlord  
  19  1:59  Queen  
  19  2:00  Zergling x4  
  23  2:06  Queen  
  23  2:07  Zergling x2  
  26  2:10  Drone  
  27  2:18  Metabolic Boost  
  27  2:20  Drone  
  27  2:22  Drone  
  29  2:30  Drone  
  30  2:37  Drone  
  30  2:41  Drone, Hatchery  
  31  2:46  Drone  
  31  2:51  Queen  
  34  2:56  Overlord  
  34  2:58  Drone  
  34  3:02  Drone  
  36  3:14  Overlord x2  
  36  3:15  Drone  
  36  3:16  Drone x2  
  36  3:18  Drone  
  40  3:20  Drone  
  41  3:30  Overlord  
  41  3:31  Queen  
  43  3:36  Drone x3  
  43  3:40  Drone  
  47  3:47  Overlord  
  47  3:49  Drone x3  
  47  3:52  Extractor  
  47  3:53  Queen  
  47  3:54  Drone  
  52  3:58  Drone  
  52  4:02  Drone  
  54  4:03  Spore Crawler  
  54  4:04  Drone  
  54  4:05  Drone  
  54  4:06  Drone x2  
  57  4:11  Queen  
  57  4:16  Overlord  
  59  4:26  Drone, Evolution Chamber  
  59  4:27  Drone x4  
  59  4:28  Evolution Chamber  
  62  4:34  Drone x2  
  62  4:35  Overlord  
  62  4:36  Drone x2  
  66  4:47  Overlord  
  66  4:48  Overlord  
  66  4:49  Drone x2  
  66  4:50  Zergling x4  
  70  4:56  Zerg Melee Weapons Level 1  
  70  4:57  Zerg Ground Armor Level 1  
  70  5:05  Zergling x16  
  76  5:15  Overlord  
  76  5:18  Drone x2  
  78  5:22  Lair  
  78  5:26  Overlord  
  78  5:32  Drone x2  
  78  5:33  Drone  
  78  5:35  Spore Crawler, Hatchery  
  80  5:39  Spore Crawler  
  77  5:52  Drone x3  
  77  5:53  Drone x4  
  77  5:54  Extractor  
  77  5:55  Overlord  
  77  5:56  Extractor  
  79  6:03  Drone  
  79  6:04  Queen, Drone x6  
  79  6:06  Overlord x2  
  85  6:18  Drone  
  85  6:24  Baneling Nest  
  85  6:25  Zergling x2  
  86  6:26  Zergling x6  
  89  6:33  Overlord x2  
  89  6:34  Zergling x2  
  90  6:41  Spire, Extractor  
  90  6:45  Overlord, Extractor  
  87  6:54  Zerg Melee Weapons Level 2  
  87  6:55  Zerg Ground Armor Level 2  
  87  6:56  Drone x2  
  87  6:58  Drone x2  
  91  7:06  Overlord x2  
  91  7:08  Centrifical Hooks  
  91  7:13  Drone x11, Hatchery  
  101  7:25  Overlord  
  101  7:26  Overlord, Drone  
  101  7:27  Drone x4  
  106  7:34  Zergling x10  
  111  7:38  Zergling x2  
  111  7:39  Overseer  
  112  7:46  Extractor  
  112  7:47  Zergling x4  
  112  7:48  Zergling x16  
  121  7:57  Overlord  
  121  7:59  Overlord  
  121  8:05  Mutalisk  
  121  8:06  Mutalisk x4  
  121  8:09  Baneling x7  
  121  8:10  Baneling  
  131  8:13  Baneling  
  131  8:14  Baneling x6, Mutalisk  
  131  8:16  Zergling x4  
  131  8:17  Zergling x12  
  141  8:21  Extractor  
  141  8:26  Zergling x12  
  141  8:27  Zergling x4  
  147  8:34  Mutalisk  
  147  8:35  Mutalisk x2  
  147  8:39  Overlord  
  152  8:41  Baneling  
  152  8:46  Mutalisk x2  
  156  8:48  Zergling x2  
  156  8:49  Zergling x16  
  156  8:51  Overseer  
  156  8:52  Overseer  
  151  9:05  Zergling x2  
  151  9:06  Zergling x10  
  151  9:07  Baneling x2  
  151  9:08  Baneling x10  
  154  9:14  Zergling x2  
Show
View Real Time Build Order
Export as new Build Order

Miszu Terran 

Build Orders: Reaper Expand, MMM Bio 

Get SALT Encoding   

  12  0:02  SCV  
  13  0:14  SCV  
  14  0:18  Supply Depot  
  14  0:28  SCV  
  15  0:40  SCV  
  15  0:41  Barracks  
  16  0:44  Refinery  
  16  0:53  SCV  
  17  1:05  SCV  
  18  1:19  SCV  
  19  1:29  Reaper  
  19  1:31  Orbital Command  
  20  1:40  Command Center  
  20  1:53  Supply Depot  
  20  2:02  SCV  
  20  2:04  Barracks Reactor  
  21  2:11  Refinery  
  21  2:14  SCV  
  22  2:21  Factory  
  22  2:26  SCV  
  23  2:39  Marine  
  23  2:40  Marine  
  23  2:41  SCV  
  26  2:53  SCV  
  26  2:56  Orbital Command  
  26  2:58  Marine x2  
  29  3:05  SCV  
  30  3:07  Widow Mine  
  30  3:09  Starport  
  32  3:17  SCV  
  33  3:22  Marine  
  33  3:23  Marine, SCV  
  36  3:30  Supply Depot, SCV  
  37  3:36  Widow Mine, SCV  
  40  3:46  SCV  
  40  3:47  Command Center  
  41  3:49  Medivac  
  41  3:53  SCV  
  41  3:54  Supply Depot  
  44  4:02  SCV, Liberator  
  45  4:07  Refinery x2, SCV  
  46  4:15  Engineering Bay  
  46  4:16  Engineering Bay  
  46  4:17  SCV  
  50  4:25  SCV  
  50  4:29  SCV  
  52  4:35  Barracks  
  52  4:36  Barracks  
  52  4:38  SCV  
  53  4:43  Factory Tech Lab  
  53  4:44  SCV  
  54  4:50  Terran Infantry Weapons Level 1, SCV  
  54  4:52  Terran Infantry Armor Level 1  
  55  4:57  SCV  
  54  5:18  SCV x2  
  57  5:25  Starport Reactor, Barracks Tech Lab  
  57  5:27  Orbital Command  
  56  5:30  SCV x2  
  56  5:32  Barracks  
  56  5:33  Barracks  
  58  5:40  Stimpack  
  58  5:42  SCV x2  
  60  5:45  Barracks x2  
  60  5:52  Marine x4  
  60  5:53  SCV  
  60  5:54  SCV x2  
  66  6:06  SCV x2  
  66  6:11  Marine x2  
  66  6:12  Marine  
  66  6:17  Armory  
  68  6:18  SCV  
  68  6:19  Marine  
  68  6:20  Barracks Reactor  
  68  6:21  Barracks Reactor  
  68  6:23  Medivac  
  68  6:24  Medivac  
  74  6:26  Orbital Command  
  74  6:29  Marine, Factory Reactor  
  74  6:30  Marine  
  74  6:33  Barracks Reactor, Barracks  
  74  6:34  Barracks Tech Lab  
  74  6:35  SCV x2  
  74  6:39  Marine  
  77  6:50  Marine  
  77  6:58  Supply Depot  
  77  7:00  Supply Depot, SCV x3  
  80  7:03  Marine, Marauder  
  80  7:05  Supply Depot  
  80  7:06  Supply Depot  
  80  7:07  Combat Shields  
  85  7:11  Marine  
  85  7:14  Terran Infantry Weapons Level 2  
  85  7:15  Marine x2  
  85  7:16  Terran Infantry Armor Level 2  
  85  7:20  Marine x3, Medivac, SCV x3  
  85  7:21  Medivac  
  95  7:28  Supply Depot  
  95  7:29  Supply Depot  
  95  7:32  SCV x3  
  95  7:33  Barracks Tech Lab, Marauder  
  95  7:34  Concussive Shells  
  95  7:35  Marauder  
  102  7:37  Marine  
  102  7:38  Marine x2  
  105  7:44  SCV x3  
  105  7:49  Marauder  
  105  7:50  Medivac  
  112  7:51  Medivac  
  112  7:52  Supply Depot x3  
  112  7:55  Marine x2  
  112  7:56  Marine x2, Marauder, SCV  
  121  8:00  Marine  
  121  8:01  Marauder  
  121  8:03  Marine  
  125  8:07  Marine  
  126  8:14  Marauder x2  
  126  8:15  Marine x3  
  126  8:16  Marine  
  126  8:17  Marauder  
  136  8:22  Marauder  
  136  8:23  Marine  
  136  8:26  Supply Depot  
  139  8:30  Supply Depot  
  135  8:36  Marine x4, Marauder x2  
  135  8:38  Marauder  
  145  8:42  Marine x3  
  145  8:44  Command Center, Marauder  
  145  8:48  Supply Depot, Marine  
  151  8:57  Marauder  
  151  9:00  SCV  
  128  9:05  Marine  
  128  9:06  Marine x9, Marauder  
Tags
 
Add a new tag
Caveats
  • Supply blocks, unpowered buildings, or Contaminate may cause inaccurate times.
  • Supply counts are checked every 10 seconds.